[Event "Titled Tuesday Blitz November 15 Early 2022"]
[White "Gabdrakhmanov, Azat"]
[Black "Fernandez Hernandez, Gerardo"]
[WhiteFideId "34189197"]
[BlackFideId "2207400"]
[WhiteElo "2254"]
[BlackElo "2214"]
[Result "1-0"]
[Round "01"]
[TimeControl "180+1"]
[Date "2022.11.16"]
[WhiteClock "0:00:36"]
[BlackClock "0:00:01"]

1. e4 e6 2. d4 d5 3. e5 c5 4. c3 Nc6 5. Nf3 Qb6 6. a3 f6 7. b4 fxe5 8. dxe5 c4 9. Bf4 Nge7 10. Nbd2 Ng6 11. Bg3 Be7 12. h4 O-O 13. h5 Nf4 14. Bxf4 Rxf4 15. g3 Rf7 16. Qe2 Bd7 17. h6 g6 18. Bh3 Raf8 19. Bg4 Nxe5 20. Qxe5 Bf6 21. Qe3 Qxe3+ 22. fxe3 Bxc3 23. O-O-O Ba4 24. Bxe6 Bxd1 25. Rxd1 Kh8 26. Bxf7 Rxf7 27. Nxc4 Rxf3 28. Rxd5 Kg8 29. g4 Rg3 30. g5 Rg4 31. Nd6 Kf8 32. Kc2 Be1 33. Kd3 Bf2 34. Ne4 Bh4 35. Rd7 Bxg5 36. Rxh7 Be7 37. Rh8+ Kf7 38. Rb8 1-0


[Site "https://www.chess.com"]

[Event "Titled Tuesday Blitz November 15 Early 2022"]
[White "Gabrielian, Artur"]
[Black "Begunov, Konstantin"]
[WhiteFideId "4131002"]
[BlackFideId "4118510"]
[WhiteElo "2432"]
[BlackElo "2140"]
[Result "1-0"]
[Round "01"]
[TimeControl "180+1"]
[Date "2022.11.16"]
[WhiteClock "0:01:49"]
[BlackClock "0:00:35"]

1. e4 c5 2. Nf3 d6 3. d4 cxd4 4. Nxd4 Nf6 5. Nc3 a6 6. Bd3 e5 7. Nde2 b5 8. O-O Bb7 9. a4 b4 10. Nd5 Bxd5 11. exd5 Nbd7 12. a5 Nc5 13. Ng3 g6 14. Be3 Nfd7 15. f4 Nxd3 16. Qxd3 exf4 17. Bxf4 Ne5 18. Bxe5 dxe5 19. Ne4 f5 20. d6 fxe4 21. Qd5 Ra7 22. Qxe5+ Be7 23. dxe7 Rxe7 24. Qxh8+ 1-0


[Site "https://www.chess.com"]

[Event "Titled Tuesday Blitz November 15 Early 2022"]
[White "Garrido, Denis"]
[Black "Tan, Jun Ying"]
[WhiteFideId "601217"]
[BlackFideId "5710413"]
[WhiteElo "2214"]
[BlackElo "2089"]
[Result "0-1"]
[Round "01"]
[TimeControl "180+1"]
[Date "2022.11.16"]
[WhiteClock "0:01:51"]
[BlackClock "0:01:59"]

1. e4 c5 2. Nf3 Nc6 3. Bb5 d6 4. O-O Bd7 5. Re1 Nf6 6. c3 a6 7. Bf1 Bg4 8. d4 cxd4 9. cxd4 Bxf3 10. gxf3 d5 11. e5 Nh5 12. Nc3 e6 13. Be3 g6 14. Rc1 Qh4 15. Qd2 Be7 16. Na4 g5 17. Nc5 g4 18. f4 Bxc5 19. Rxc5 Ng7 20. b4 Nf5 21. b5 axb5 22. Bxb5 Kf8 23. Bxc6 bxc6 24. Rxc6 Qh3 25. Qb4+ Kg7 26. a4 Nh4 27. f3 Qg2# 0-1


[Site "https://www.chess.com"]

[Event "Titled Tuesday Blitz November 15 Early 2022"]
[White "Georg, Heinz"]
[Black "Sargsyan, Anna M."]
[WhiteFideId "4607295"]
[BlackFideId "13308130"]
[WhiteElo "2303"]
[BlackElo "2284"]
[Result "0-1"]
[Round "01"]
[TimeControl "180+1"]
[Date "2022.11.16"]
[WhiteClock "0:01:07"]
[BlackClock "0:01:33"]

1. e4 c6 2. d4 d5 3. exd5 cxd5 4. c4 Nf6 5. Nc3 Nc6 6. Bg5 Qa5 7. Bxf6 exf6 8. cxd5 Bb4 9. dxc6 Bxc3+ 10. bxc3 Qxc3+ 11. Ke2 O-O 12. f3 Re8+ 13. Kf2 Qe3+ 14. Kg3 h5 15. h4 bxc6 16. Bc4 Re4 17. Kh2 Rxh4+ 18. Nh3 Rxh3+ 19. gxh3 Qf2# 0-1


[Site "https://www.chess.com"]

[Event "Titled Tuesday Blitz November 15 Early 2022"]
[White "Ghosh, Chanchal Kumer"]
[Black "Golubev, Mikhail"]
[WhiteFideId "10201858"]
[BlackFideId "14100983"]
[WhiteElo "2058"]
[BlackElo "2374"]
[Result "0-1"]
[Round "01"]
[TimeControl "180+1"]
[Date "2022.11.16"]
[WhiteClock "0:00:07"]
[BlackClock "0:00:17"]

1. e4 c5 2. Nf3 d6 3. c3 Nf6 4. Bd3 Bg4 5. Bc2 Nc6 6. h3 Bxf3 7. Qxf3 g6 8. O-O Bg7 9. Qe2 O-O 10. d3 b5 11. Nd2 Rb8 12. f4 b4 13. Nf3 bxc3 14. bxc3 Nd7 15. Bd2 Qa5 16. Qe1 Rb2 17. Bb3 Rxd2 18. Nxd2 Bxc3 19. Rd1 Nd4 20. Kh1 Nf6 21. Qf2 Bxd2 22. Rxd2 Nh5 23. g4 Ng3+ 24. Qxg3 Qxd2 25. f5 g5 26. h4 Ne2 27. Qf3 gxh4 28. g5 Ng3+ 29. Kg1 Nxf1 30. Qxf1 Qxg5+ 31. Kh1 Qg3 32. f6 e6 33. Bc2 h3 34. Bb3 Kh8 35. Bc4 Rg8 36. Bb3 h2 37. Bxe6 Qg1+ 38. Qxg1 hxg1=Q# 0-1


[Site "https://www.chess.com"]

[Event "Titled Tuesday Blitz November 15 Early 2022"]
[White "Ginzburg, Yakov"]
[Black "Adel, Sara"]
[WhiteFideId "4157176"]
[BlackFideId "10616764"]
[WhiteElo "2305"]
[BlackElo "1994"]
[Result "1-0"]
[Round "01"]
[TimeControl "180+1"]
[Date "2022.11.16"]
[WhiteClock "0:00:30"]
[BlackClock "0:00:47"]

1. e4 c6 2. d4 d5 3. Nc3 dxe4 4. Nxe4 Bf5 5. Ng3 Bg6 6. h4 h6 7. Nf3 Nd7 8. h5 Bh7 9. Bd3 Bxd3 10. Qxd3 Ngf6 11. Bf4 e6 12. O-O-O a5 13. Rhe1 Be7 14. Ne4 Nxe4 15. Rxe4 Nf6 16. Ree1 a4 17. g4 a3 18. b3 Nd5 19. Bd2 Qb6 20. c4 Nb4 21. Bxb4 Bxb4 22. Rxe6+ fxe6 23. Qg6+ Kd8 24. Ne5 Rf8 25. Qxe6 Qc7 26. d5 c5 27. d6 Qc8 28. Qe7# 1-0


[Site "https://www.chess.com"]

[Event "Titled Tuesday Blitz November 15 Early 2022"]
[White "Godzwon, Iwo"]
[Black "Langner, Ladislav"]
[WhiteFideId "21802483"]
[BlackFideId "300403"]
[WhiteElo "2284"]
[BlackElo "2346"]
[Result "1-0"]
[Round "01"]
[TimeControl "180+1"]
[Date "2022.11.16"]
[WhiteClock "0:02:10"]
[BlackClock "0:00:50"]

1. e4 c5 2. Nf3 e6 3. d4 cxd4 4. Nxd4 a6 5. c4 Nf6 6. Nc3 Qc7 7. Be2 b6 8. O-O Bb7 9. Qd3 d6 10. f4 Nbd7 11. b4 Be7 12. Bb2 O-O 13. Rac1 Rac8 14. g4 Qb8 15. g5 Ne8 16. Rf3 f5 17. Nxe6 fxe4 18. Nxe4 Qa8 19. Re3 d5 20. cxd5 Rxc1+ 21. Bxc1 Bxd5 22. Nxf8 Nxf8 23. a3 Nd6 24. Nxd6 Bxd6 25. Qxa6 Bxf4 26. Qxa8 Bxe3+ 27. Bxe3 Bxa8 28. Bc4+ Kh8 29. Bxb6 Nd7 30. Bd4 Nb8 31. b5 Nd7 32. a4 Nf8 33. a5 Ng6 34. a6 Nf4 35. b6 1-0


[Site "https://www.chess.com"]

[Event "Titled Tuesday Blitz November 15 Early 2022"]
[White "Goh, Zi Han"]
[Black "Postnikov, Daniil"]
[WhiteFideId "5819156"]
[BlackFideId "4166329"]
[WhiteElo "2026"]
[BlackElo "2261"]
[Result "0-1"]
[Round "01"]
[TimeControl "180+1"]
[Date "2022.11.16"]
[WhiteClock "0:00:02"]
[BlackClock "0:00:08"]

1. d4 Nf6 2. c4 c5 3. d5 b5 4. cxb5 a6 5. b6 e6 6. Nc3 Nxd5 7. Nxd5 exd5 8. Qxd5 Nc6 9. e4 Be7 10. Nf3 Rb8 11. Bc4 O-O 12. O-O Rxb6 13. b3 d6 14. Bb2 Be6 15. Qd3 a5 16. Rad1 Qc8 17. Bxe6 fxe6 18. Nd2 Nb4 19. Qb1 e5 20. Nc4 Ra6 21. Bc3 Qc7 22. Ne3 Nc6 23. Nd5 Qd7 24. Qd3 Rfa8 25. Qg3 Kh8 26. f4 Bf6 27. Nxf6 gxf6 28. fxe5 fxe5 29. Rf6 Nd4 30. Bxd4 cxd4 31. Rdf1 Qg7 32. Qh4 Rg8 33. g3 Qg5 34. Qxg5 Rxg5 35. Rf8+ Rg8 36. Rxg8+ Kxg8 37. Rf6 Kg7 38. Re6 a4 39. b4 a3 40. Kf2 Rb6 41. Kf3 Rxb4 42. Rxd6 Rb2 43. Re6 Rxa2 44. Rxe5 Rxh2 45. Ra5 a2 46. Ra6 d3 47. Ke3 d2 48. Rxa2 d1=Q 49. Rxh2 Kg6 50. Rf2 h5 51. Rf4 Kg5 52. Kf2 Qd2+ 53. Kg1 Qe3+ 54. Kg2 Qe2+ 55. Kg1 Kg6 56. Rh4 Kg5 57. Rf4 Kg6 58. Rh4 Kf6 59. Rf4+ Ke5 60. Rh4 Kd4 61. e5+ Ke3 62. Rf4 Kd2 0-1


[Site "https://www.chess.com"]

[Event "Titled Tuesday Blitz November 15 Early 2022"]
[White "Gokerkan, Cem Kaan"]
[Black "Malka, Samuel"]
[WhiteFideId "6336760"]
[BlackFideId "20643675"]
[WhiteElo "2365"]
[BlackElo "2460"]
[Result "1-0"]
[Round "01"]
[TimeControl "180+1"]
[Date "2022.11.16"]
[WhiteClock "0:00:46"]
[BlackClock "0:00:08"]

1. c4 g6 2. g3 Bg7 3. Bg2 c5 4. Nf3 Nc6 5. O-O e5 6. Nc3 Nge7 7. Ne1 d6 8. Nc2 Be6 9. Ne3 Qd7 10. a3 Bh3 11. Ncd5 Bxg2 12. Kxg2 O-O 13. Rb1 f5 14. d3 f4 15. Nxe7+ Nxe7 16. Nc2 g5 17. b4 Rf6 18. f3 Rh6 19. g4 b6 20. h3 Nc6 21. Rh1 Re6 22. bxc5 dxc5 23. Na1 h5 24. Qa4 Rd8 25. Bb2 Kf7 26. Bc3 Nd4 27. Qxd7+ Rxd7 28. Kf2 h4 29. a4 a5 30. Rb2 Bf6 31. Rhb1 Bd8 32. Nc2 Nc6 33. Na3 Nb4 34. Nb5 Rc6 35. Bxe5 Ke6 36. Bc3 Kf7 37. Rd1 Re6 38. Rbd2 Rde7 39. d4 cxd4 40. Nxd4 Re3 41. Nf5 Rxc3 42. Rxd8 Rc7 43. Nd6+ Kg7 44. Ne8+ Kg6 45. Nxc7 1-0


[Site "https://www.chess.com"]

[Event "Titled Tuesday Blitz November 15 Early 2022"]
[White "Goldin, Roman"]
[Black "Perez Gormaz, Matias"]
[WhiteFideId "2803860"]
[BlackFideId "3406342"]
[WhiteElo "2312"]
[BlackElo "2341"]
[Result "0-1"]
[Round "01"]
[TimeControl "180+1"]
[Date "2022.11.16"]
[WhiteClock "0:00:03"]
[BlackClock "0:00:37"]

1. e4 c5 2. Nf3 e6 3. d4 cxd4 4. Nxd4 a6 5. c4 Nf6 6. Nc3 Qc7 7. Be3 Bb4 8. Qc2 d5 9. cxd5 exd5 10. Qa4+ Nc6 11. Nxc6 Bxc3+ 12. bxc3 bxc6 13. exd5 Nxd5 14. Bd4 O-O 15. O-O-O Rb8 16. g3 Be6 17. Bc4 Nb6 18. Bxb6 Qxb6 19. Bb3 Qxf2 20. Rd2 Qe3 21. Qd4 Qxd4 22. Rxd4 Bxb3 23. axb3 Rxb3 24. Kc2 Rfb8 25. Ra1 Rb2+ 26. Kd3 Rxh2 27. Rxa6 Rh3 28. Rxc6 Rxg3+ 29. Kc4 h5 30. Rd7 Ra8 31. Rcc7 Ra4+ 32. Kb5 Rf4 33. c4 h4 34. c5 h3 35. Rc8+ Kh7 36. Rdd8 Kg6 37. Kc6 Rh4 38. Rh8 Rgg4 0-1


[Site "https://www.chess.com"]

[Event "Titled Tuesday Blitz November 15 Early 2022"]
[White "Goltsev, Dmitry"]
[Black "Fathy, Elameir"]
[WhiteFideId "24176710"]
[BlackFideId "10600396"]
[WhiteElo "2289"]
[BlackElo "2311"]
[Result "1-0"]
[Round "01"]
[TimeControl "180+1"]
[Date "2022.11.16"]
[WhiteClock "0:01:39"]
[BlackClock "0:00:13"]

1. e4 c5 2. Nf3 d6 3. d4 cxd4 4. Nxd4 Nf6 5. Nc3 a6 6. Be2 e5 7. Nb3 Be7 8. Be3 Be6 9. f3 O-O 10. O-O Qc7 11. Qd2 Nbd7 12. Rfd1 Rac8 13. Rac1 Nb6 14. Qe1 Nc4 15. Bxc4 Qxc4 16. Nd2 Qc6 17. Nf1 Rfd8 18. Ng3 d5 19. exd5 Nxd5 20. Nxd5 Rxd5 21. Rxd5 Qxd5 22. b3 f5 23. c4 Qc6 24. Bf2 Bf6 25. Rd1 g6 26. Ne2 b5 27. c5 Be7 28. b4 Bxa2 29. Nc3 Bc4 30. Qxe5 Bf6 31. Qe3 Re8 32. Qd2 Rd8 33. Qf4 Rxd1+ 34. Nxd1 Qd5 35. Ne3 Qd3 36. h4 Qb1+ 37. Kh2 Qxb4 38. Nd5 Qb2 39. Qb8+ Kg7 40. Qc7+ Kg8 41. Qc8+ Kg7 42. Qd7+ Kg8 43. Nxf6+ Qxf6 44. c6 Qe6 45. Qd8+ Kf7 46. c7 1-0


[Site "https://www.chess.com"]

[Event "Titled Tuesday Blitz November 15 Early 2022"]
[White "Gonzalez, Francisco Silva"]
[Black "Stribuk, Artiom"]
[WhiteFideId "1512285"]
[BlackFideId "13515659"]
[WhiteElo "2159"]
[BlackElo "2371"]
[Result "0-1"]
[Round "01"]
[TimeControl "180+1"]
[Date "2022.11.16"]
[WhiteClock "0:00:24"]
[BlackClock "0:00:10"]

1. d4 Nf6 2. c4 c5 3. d5 b5 4. cxb5 a6 5. b6 e6 6. Nc3 exd5 7. Nxd5 Nxd5 8. Qxd5 Nc6 9. e4 Be7 10. Bc4 O-O 11. Nf3 Qxb6 12. O-O d6 13. Qh5 Be6 14. Bxe6 fxe6 15. Qg4 e5 16. Qe6+ Kh8 17. Bg5 Qc7 18. Bxe7 Qxe7 19. Qxe7 Nxe7 20. Rfd1 Rf6 21. b3 Nc6 22. Rd5 Rc8 23. Rad1 Nd4 24. Ne1 h6 25. f3 Kg8 26. Nd3 Kf7 27. Kf2 Ke6 28. Rc1 Rf7 29. b4 c4 30. Nb2 c3 31. Nd3 Rb7 32. Ke3 Rb5 33. Nf4+ Kd7 34. Nd3 Rxd5 35. exd5 Rc4 36. g4 Kc7 37. h4 Kb6 38. a4 c2 39. Ne1 Rc3+ 40. Kd2 Rb3 41. Nxc2 Nxf3+ 42. Ke2 Nxh4 43. b5 axb5 44. axb5 Ng6 45. Ne3 Nf4+ 46. Kd2 Rd3+ 47. Kc2 Rxe3 48. Ra1 Kxb5 49. Ra6 Kxa6 50. Kd2 Rg3 51. g5 hxg5 52. Kc2 g4 53. Kd2 Rf3 0-1


[Site "https://www.chess.com"]

[Event "Titled Tuesday Blitz November 15 Early 2022"]
[White "Gorodetzky, David"]
[Black "Ezat, Mohamed"]
[WhiteFideId "2813416"]
[BlackFideId "10600906"]
[WhiteElo "2497"]
[BlackElo "2386"]
[Result "1/2-1/2"]
[Round "01"]
[TimeControl "180+1"]
[Date "2022.11.15"]
[WhiteClock "0:00:04"]
[BlackClock "0:00:03"]

1. Nf3 Nf6 2. b3 g6 3. Bb2 Bg7 4. g3 O-O 5. Bg2 d6 6. d4 e5 7. dxe5 Nfd7 8. Qd2 Nc6 9. Nc3 Ndxe5 10. O-O-O a5 11. Nxe5 Nxe5 12. h4 h5 13. a4 Re8 14. Kb1 Bf5 15. Nd5 Be6 16. Qc3 c6 17. Nf4 Bf6 18. Qd2 d5 19. Nxe6 Rxe6 20. e4 dxe4 21. Qf4 Qe7 22. Bh3 Rd6 23. Qxe4 Rad8 24. Rxd6 Qxd6 25. Re1 Ng4 26. Bxg4 Bxb2 27. Kxb2 hxg4 28. Qxg4 Qf6+ 29. Kb1 Qxf2 30. Rh1 Rd2 31. Rc1 Qd4 32. Qc8+ Kg7 33. Qxb7 c5 34. Qb5 Qc3 35. g4 Rd4 36. h5 Rb4 37. Qe2 c4 38. h6+ Kh7 39. Qf2 Rb7 40. Qg2 Rb4 41. Qd5 Rxb3+ 42. cxb3 Qxb3+ 43. Ka1 Qa3+ 44. Kb1 Qb3+ 45. Ka1 Qxa4+ 46. Kb1 Qb3+ 47. Ka1 Qa3+ 48. Kb1 Qb3+ 49. Ka1 Qa3+ 50. Kb1 Qb3+ 1/2-1/2


[Site "https://www.chess.com"]

[Event "Titled Tuesday Blitz November 15 Early 2022"]
[White "Grandelius, Nils"]
[Black "Tymrakiewicz, Rafal"]
[WhiteFideId "1710400"]
[BlackFideId "1108832"]
[WhiteElo "2617"]
[BlackElo "2138"]
[Result "1-0"]
[Round "01"]
[TimeControl "180+1"]
[Date "2022.11.16"]
[WhiteClock "0:00:37"]
[BlackClock "0:00:26"]

1. c4 g6 2. g3 Bg7 3. Bg2 e5 4. Nc3 d6 5. e3 Ne7 6. Nge2 O-O 7. b3 Nd7 8. Bb2 f5 9. d3 Nf6 10. Qd2 g5 11. f4 gxf4 12. exf4 Ng6 13. O-O-O Bh6 14. Kb1 c6 15. h3 exf4 16. Nxf4 Nh5 17. Nce2 Nxg3 18. Qc3 Nxe2 19. Nxe2 Qe7 20. Bf3 Bg7 21. d4 f4 22. Ka1 Qe3 23. Rd3 Qf2 24. Rdd1 Qe3 25. h4 Re8 26. h5 Qxc3 27. Nxc3 Nf8 28. Ne4 Bf5 29. Nxd6 Re3 30. Nxf5 Rxf3 31. Rhg1 Rg3 32. Nxg3 fxg3 33. Rxg3 Kh8 34. Rdg1 Ne6 35. Rxg7 Nxg7 36. d5 1-0


[Site "https://www.chess.com"]

[Event "Titled Tuesday Blitz November 15 Early 2022"]
[White "Guimaraes, Wagner Peixoto"]
[Black "Cruz, Jonathan"]
[WhiteFideId "2100940"]
[BlackFideId "3802124"]
[WhiteElo "2231"]
[BlackElo "2406"]
[Result "1/2-1/2"]
[Round "01"]
[TimeControl "180+1"]
[Date "2022.11.16"]
[WhiteClock "0:00:02"]
[BlackClock "0:00:03"]

1. c4 c6 2. g3 d5 3. Bg2 Nf6 4. Qc2 e6 5. Nf3 Be7 6. d4 O-O 7. O-O Na6 8. b3 b6 9. Bb2 Bb7 10. Nbd2 c5 11. Ne5 Rc8 12. Qb1 cxd4 13. Bxd4 Nc5 14. e3 dxc4 15. Bxb7 Nxb7 16. Ndxc4 Qc7 17. Rc1 Qb8 18. Nd2 Nc5 19. Bxc5 Bxc5 20. Nec4 Qb7 21. Qd3 Rfd8 22. Qf1 Bb4 23. Nb1 Qe4 24. Nc3 Bxc3 25. Rxc3 Nd5 26. Nd6 Nxc3 27. Nxe4 Nxe4 28. Rd1 Rf8 29. Rd4 Nc3 30. Qa6 Rc7 31. Kg2 Nd5 32. Rc4 Re7 33. Qa3 Rd7 34. e4 Nf6 35. f3 Rfd8 36. Rc2 h5 37. Qb2 Rd3 38. Kf2 R3d7 39. Kg2 Kh7 40. Kf2 Kg8 41. Qe5 Kf8 42. Qb5 Kg8 43. Qe2 Rd3 44. Rb2 R3d7 45. Kg2 Ne8 46. Rc2 Nf6 47. Rb2 Ne8 48. Rc2 Nd6 49. Rd2 Ne8 50. Rxd7 Rxd7 51. Qb5 Rd2+ 52. Kf1 Nf6 53. Qa6 Rd7 54. Kg1 Kh7 55. a4 Rd1+ 56. Kf2 Rd2+ 57. Kg1 Rd7 58. a5 bxa5 59. Qxa5 Rb7 60. Qc3 Rb6 61. Kg2 Kg8 62. Qc8+ Kh7 63. Qc3 Rb7 64. Qd3 Kg8 65. Qc3 Rb6 66. Qc8+ Kh7 67. Qc3 1/2-1/2


[Site "https://www.chess.com"]

[Event "Titled Tuesday Blitz November 15 Early 2022"]
[White "Gurevich, Dmitry"]
[Black "Nguyen, Thai Dai Van"]
[WhiteFideId "2000407"]
[BlackFideId "358878"]
[WhiteElo "2506"]
[BlackElo "2534"]
[Result "1-0"]
[Round "01"]
[TimeControl "180+1"]
[Date "2022.11.16"]
[WhiteClock "0:00:34"]
[BlackClock "0:00:11"]

1. d4 Nf6 2. c4 e6 3. Nf3 d5 4. Nc3 c6 5. e3 Nbd7 6. Qc2 Bd6 7. b3 O-O 8. Be2 b6 9. O-O Bb7 10. Bb2 Qe7 11. Rad1 Rfe8 12. Rfe1 Rad8 13. Bf1 e5 14. cxd5 e4 15. Nh4 Bxh2+ 16. Kxh2 Ng4+ 17. Kh3 Qf6 18. Kxg4 Bc8 19. Kg3 Qd6+ 20. f4 exf3+ 21. Kf2 Nf6 22. gxf3 Qh2+ 23. Ng2 cxd5 24. Ne2 Bh3 25. Nf4 Rd6 26. Nxh3 Qxh3 27. Nf4 Qh4+ 28. Kg1 g5 29. Ng2 Qh3 30. Ba3 Rde6 31. Qc7 Nh5 32. Qh2 1-0


[Site "https://www.chess.com"]

[Event "Titled Tuesday Blitz November 15 Early 2022"]
[White "Gurvich, Vitaly"]
[Black "Jiganchine, Roman"]
[WhiteFideId "24164852"]
[BlackFideId "2603667"]
[WhiteElo "2342"]
[BlackElo "2325"]
[Result "1-0"]
[Round "01"]
[TimeControl "180+1"]
[Date "2022.11.16"]
[WhiteClock "0:00:22"]
[BlackClock "0:00:07"]

1. e4 c6 2. d4 d5 3. exd5 cxd5 4. Bd3 Nc6 5. c3 Nf6 6. h3 g6 7. Nf3 Bf5 8. O-O Bxd3 9. Qxd3 Bg7 10. Bf4 O-O 11. Nbd2 a6 12. a4 Rc8 13. Rfe1 Re8 14. Ne5 Qb6 15. Ra2 e6 16. h4 Nh5 17. Bh2 Nxe5 18. Bxe5 Bxe5 19. Rxe5 Qd8 20. Nf3 Nf6 21. Re2 Ne4 22. g3 Nd6 23. Nd2 Qf6 24. a5 Nc4 25. Nxc4 Rxc4 26. Ra1 Rec8 27. Re5 R8c6 28. Kg2 Kg7 29. Rh1 h5 30. Rhe1 b6 31. axb6 Rxb6 32. R1e2 a5 33. R5e3 Rb3 34. Rf3 Qe7 35. Qd2 a4 36. Qf4 a3 37. bxa3 Rxa3 38. Qe5+ Kg8 39. Rb2 Rc8 40. Rb6 Ra1 41. Qe2 Ra3 42. Qb2 Rcxc3 43. Rxc3 Rxc3 44. Qxc3 1-0


[Site "https://www.chess.com"]

[Event "Titled Tuesday Blitz November 15 Early 2022"]
[White "Guzman, Christopher"]
[Black "Mohamed, Saeed Laily"]
[WhiteFideId "6405096"]
[BlackFideId "9314946"]
[WhiteElo "2272"]
[BlackElo "1874"]
[Result "0-1"]
[Round "01"]
[TimeControl "180+1"]
[Date "2022.11.16"]
[WhiteClock "0:02:31"]
[BlackClock "0:01:16"]

1. e4 c6 2. d4 d5 3. exd5 cxd5 4. Bd3 Nc6 5. c3 Nf6 6. Bf4 g6 7. Nf3 Bg7 8. h3 O-O 9. Qe2 Nh5 10. Bh2 Bh6 11. Nbd2 Nf4 12. Bxf4 Bxf4 13. O-O f6 14. Rfe1 e5 15. Bb5 e4 16. Nh2 f5 17. Rad1 Bc7 18. Nhf1 Qg5 19. f3 Bd7 20. Nb3 Rae8 21. Nc5 Bc8 22. Bxc6 bxc6 23. c4 Ba5 24. cxd5 Bxe1 25. Rxe1 exf3 0-1


[Site "https://www.chess.com"]

[Event "Titled Tuesday Blitz November 15 Early 2022"]
[White "Hadzovic, Amir"]
[Black "Yuan, Qingyu"]
[WhiteFideId "14402300"]
[BlackFideId "8609772"]
[WhiteElo "2262"]
[BlackElo "2359"]
[Result "1-0"]
[Round "01"]
[TimeControl "180+1"]
[Date "2022.11.16"]
[WhiteClock "0:01:04"]
[BlackClock "0:00:27"]

1. e4 c6 2. Nf3 d5 3. d3 dxe4 4. dxe4 Qxd1+ 5. Kxd1 Nf6 6. Nfd2 g6 7. f3 Bh6 8. c3 Be6 9. Kc2 Nbd7 10. Bc4 Bxc4 11. Nxc4 Bxc1 12. Kxc1 g5 13. a4 O-O-O 14. a5 Kc7 15. Nbd2 h5 16. b4 h4 17. Kc2 Nh5 18. Rab1 a6 19. Rbd1 Nf4 20. g3 hxg3 21. hxg3 Ne2 22. g4 f6 23. e5 Rh4 24. Ne4 Rdh8 25. Rxh4 Rxh4 26. e6 Nf8 27. Nxf6 Kc8 28. Nb6+ Kc7 29. Ne8+ Kb8 30. Rd8+ Ka7 31. Ra8# 1-0


[Site "https://www.chess.com"]

[Event "Titled Tuesday Blitz November 15 Early 2022"]
[White "Hajiyev, Kanan"]
[Black "Kovalev, Vladislav"]
[WhiteFideId "13404148"]
[BlackFideId "13504398"]
[WhiteElo "2118"]
[BlackElo "2556"]
[Result "0-1"]
[Round "01"]
[TimeControl "180+1"]
[Date "2022.11.16"]
[WhiteClock "0:00:09"]
[BlackClock "0:00:06"]

1. d4 Nf6 2. Nf3 e6 3. c4 d5 4. cxd5 exd5 5. Nc3 c6 6. Bg5 Bf5 7. e3 Be7 8. Bd3 Bxd3 9. Qxd3 O-O 10. O-O Nbd7 11. Rab1 a5 12. Qc2 Re8 13. Bf4 Nf8 14. h3 Ng6 15. Bh2 Bd6 16. Bxd6 Qxd6 17. Ne2 Ne4 18. Nd2 Nh4 19. Nxe4 Rxe4 20. g3 Ng6 21. Qb3 Re7 22. Qd3 Rae8 23. a3 h5 24. b4 axb4 25. axb4 Qf6 26. Kg2 Qg5 27. b5 Nh4+ 28. Kh2 Nf5 29. Nf4 Nxe3 30. Rg1 Nc4 31. bxc6 bxc6 32. Ra1 h4 33. Ra6 hxg3+ 34. Qxg3 Qxg3+ 35. Rxg3 Rc8 36. Nh5 g6 37. Nf6+ Kg7 38. Ng4 c5 39. dxc5 Rxc5 40. Rd3 Rd7 41. Ne3 Ne5 42. Rd1 d4 43. Ng4 Nc4 44. Kg3 d3 45. Ra2 d2 46. Ne3 Nxe3 47. fxe3 Rcd5 48. Kf3 Kf6 49. Ke2 Kg5 50. Ra4 Kh5 51. Rf4 f5 52. Rc4 R5d6 53. Rb4 Rd5 54. Rc4 R7d6 55. Rb4 Ra5 56. Rxd2 Rxd2+ 57. Kxd2 Ra2+ 58. Kd3 Rh2 59. Rb8 Rxh3 60. Rh8+ Kg4 61. Rg8 g5 62. Kd4 Rh1 63. Rf8 Ra1 64. Ke5 Ra5+ 65. Kd4 Ra4+ 66. Kd3 Ra3+ 67. Ke2 Ra2+ 68. Kd3 f4 69. exf4 gxf4 70. Ke4 Re2+ 71. Kd3 f3 72. Rg8+ Kh3 73. Rh8+ Kg2 74. Rg8+ Kf1 75. Rf8 f2 76. Ra8 Re6 77. Kd2 Rd6+ 78. Ke3 Re6+ 79. Kd2 Re5 80. Kd1 Rd5+ 81. Kc2 Kg2 82. Rg8+ Kf3 83. Rf8+ Ke3 84. Re8+ Kf4 85. Re2 f1=Q 86. Rd2 Qc4+ 87. Kd1 Rxd2+ 88. Kxd2 Ke4 89. Ke1 Ke3 90. Kd1 Qe2+ 91. Kc1 Kd3 92. Kb1 Kc3 93. Kc1 Qe1# 0-1


[Site "https://www.chess.com"]

[Event "Titled Tuesday Blitz November 15 Early 2022"]
[White "Hambleton, Aman"]
[Black "Mika, Tomasz"]
[WhiteFideId "2606577"]
[BlackFideId "1132970"]
[WhiteElo "2538"]
[BlackElo "2126"]
[Result "1/2-1/2"]
[Round "01"]
[TimeControl "180+1"]
[Date "2022.11.16"]
[WhiteClock "0:00:02"]
[BlackClock "0:00:03"]

1. c4 e6 2. d4 d5 3. Nc3 dxc4 4. e4 Nf6 5. Bxc4 c5 6. d5 exd5 7. Nxd5 Nxd5 8. Bxd5 Be7 9. Ne2 O-O 10. O-O Nd7 11. Nc3 Nf6 12. Bf4 Nxd5 13. Nxd5 Bd6 14. Bxd6 Qxd6 15. Qh5 Be6 16. Rfd1 Bxd5 17. Rxd5 Qe7 18. Re5 Qf6 19. Qf5 Qb6 20. b3 g6 21. Qf4 Rac8 22. Rd1 c4 23. bxc4 Rxc4 24. h4 Rd4 25. Rxd4 Qxd4 26. Rd5 Qa1+ 27. Kh2 Qxa2 28. Rd7 Qb3 29. f3 a5 30. Qc7 a4 31. Qa5 a3 32. Rd4 Qe3 33. Ra4 Qf4+ 34. Kh3 Rc8 35. Rxa3 Rc1 36. Ra1 Rxa1 37. Qxa1 Qc7 38. Qa8+ Kg7 39. h5 gxh5 40. Qa1+ f6 41. Qb2 Qd7+ 42. Kh2 b5 43. Qb4 Qc6 44. Qd4 Qb7 45. Qb4 Qc6 46. Kh3 Qc4 47. Qd6 b4 48. Qe7+ Kg6 49. Qe8+ Kg7 50. Qe7+ Kg6 51. Qe8+ Kg7 52. Qxh5 b3 53. Qg4+ Kf8 54. Qd7 Qb4 55. Qd8+ Kg7 56. Qd7+ Kg6 57. Qf5+ Kg7 58. Qd7+ Kg6 59. Qg4+ Kf7 60. Qd7+ Kg6 1/2-1/2


[Site "https://www.chess.com"]

[Event "Titled Tuesday Blitz November 15 Early 2022"]
[White "Hirneise, Jens"]
[Black "Xiong, Jeffery"]
[WhiteFideId "24614734"]
[BlackFideId "2047640"]
[WhiteElo "2344"]
[BlackElo "2725"]
[Result "0-1"]
[Round "01"]
[TimeControl "180+1"]
[Date "2022.11.15"]
[WhiteClock "0:00:14"]
[BlackClock "0:00:19"]

1. d4 d5 2. Nf3 Nf6 3. e3 c5 4. b3 cxd4 5. exd4 g6 6. Bd3 Bg7 7. O-O O-O 8. Bb2 Nc6 9. a3 Bf5 10. Bxf5 gxf5 11. Re1 e6 12. Nbd2 Rc8 13. Nf1 Ne4 14. Qd3 Ne7 15. Rac1 Ng6 16. g3 Qb6 17. Qe3 Rc7 18. h4 h5 19. Qe2 Rfc8 20. N1h2 Bh6 21. Ng5 Nxg5 22. hxg5 Bxg5 23. f4 Bf6 24. Nf3 h4 25. gxh4 Nxf4 26. Qd2 Qd6 27. Ne5 Ng6 28. h5 Nh4 29. Kh1 Kf8 30. Qh6+ Ke7 31. Qf4 Rh8 32. h6 Ng6 33. Qd2 Bg7 34. Nxg6+ fxg6 35. Qg5+ Kf7 36. Kg2 Bxh6 0-1


[Site "https://www.chess.com"]